 Dungeon Crawl Stone Soup version 0.26-a0-597-gb535b0901c (webtiles) character file.

Game seed: 13019725720138898517

7402 Lanoc the Covert (level 11, -8/89 HPs)
             Began as a Gnoll Delver on Sept 2, 2020.
             Was an Elder of Wu Jian.
             Killed from afar by Nergalle (25 damage)
             ... with a bolt of negative energy
             ... on level 10 of the Dungeon.
             The game lasted 00:16:27 (9340 turns).

Lanoc the Covert (Gnoll Delver)                     Turns: 9340, Time: 00:16:28

Health: -8/89      AC:  7    Str: 22    XL:     11   Next: 14%
Magic:  18/20      EV: 15    Int: 12    God:    Wu Jian [****..]
Gold:   489        SH: 11    Dex: 21    Spells: 18/22 levels left

rFire    . . .     SeeInvis .   r - +0 scimitar (flame)
rCold    . . .     Faith    .   m - +0 kite shield
rNeg     . . .     Spirit   .   t - +2 leather armour of the Saviour {Dex+2}
rPois    +         Reflect  .   (no helmet)
rElec    .         Harm     .   x - +1 cloak
rCorr    .                      (no gloves)
MR       .....                  (no boots)
Stlth    ++++......             p - amulet of regeneration
HPRegen  0.64/turn              A - +6 ring of strength
MPRegen  0.17/turn              h - ring of poison resistance

@: heavily drained
A: distributed training, fangs 1, strong nose
a: Wall Jump, Serpent's Lash, Renounce Religion


You were on level 10 of the Dungeon.
You worshipped Wu Jian.
Wu Jian was greatly pleased with you.
You visited 2 branches of the dungeon, and saw 9 of its levels.

You collected 519 gold pieces.
You spent 30 gold pieces at shops.

Inventory:

Hand Weapons
 r - a +0 scimitar of flaming (weapon)
Missiles
 u - 3 throwing nets (quivered)
Armour
 m - a +0 kite shield (worn)
 t - the +2 leather armour of the Saviour (worn) {Dex+2}
   (You found it on level 5 of the Dungeon)

   It affects your dexterity (+2).
 x - a +1 cloak (worn)
Jewellery
 h - a ring of poison resistance (right hand)
 j - an uncursed ring of wizardry
 n - an uncursed ring of flight
 p - an amulet of regeneration (around neck)
 A - a +6 ring of strength (left hand)
Wands
 a - a wand of acid (10)
 d - a wand of paralysis (4)
 g - a wand of digging (8)
Scrolls
 c - 2 scrolls of fog
 e - 2 scrolls of fear
 i - 3 scrolls of teleportation
 k - 10 scrolls of identify
 o - 5 scrolls of remove curse
 q - a scroll of immolation
 s - 2 scrolls of enchant armour
 w - a scroll of magic mapping
 y - a scroll of amnesia {unknown}
Potions
 b - a potion of heal wounds
 f - 2 potions of haste
 l - a potion of stabbing
 v - 2 potions of degeneration {unknown}
 z - a potion of mutation {unknown}


   Skills:
 + Level 9.0(7.7) Fighting
 + Level 6.0(4.8) Short Blades
 + Level 7.6(6.3) Long Blades
 + Level 6.0(4.8) Axes
 + Level 6.0(4.8) Maces & Flails
 + Level 6.0(4.8) Polearms
 + Level 6.0(4.8) Staves
 + Level 6.0(4.8) Slings
 + Level 6.0(4.8) Bows
 + Level 6.0(4.8) Crossbows
 + Level 6.0(4.8) Throwing
 + Level 6.0(4.8) Armour
 + Level 7.6(6.3) Dodging
 + Level 11.1(9.7) Stealth
 + Level 6.0(4.8) Shields
 + Level 6.0(4.8) Unarmed Combat
 + Level 6.0(4.8) Spellcasting
 + Level 5.0(3.8) Conjurations
 + Level 5.0(3.8) Hexes
 + Level 5.0(3.8) Summonings
 + Level 5.0(3.8) Necromancy
 + Level 5.0(3.8) Translocations
 + Level 5.0(3.8) Transmutations
 + Level 5.0(3.8) Fire Magic
 + Level 5.0(3.8) Ice Magic
 + Level 5.0(3.8) Air Magic
 + Level 5.0(3.8) Earth Magic
 + Level 5.0(3.8) Poison Magic
 + Level 6.6(5.3) Invocations
 + Level 6.0(4.8) Evocations


You had 18 spell levels left.
You knew the following spells:

 Your Spells              Type           Power        Failure   Level
a - Call Canine Familiar  Summ           ##......     47%         3
b - Foxfire               Conj/Fire      ##..         19%         1

Your spell library contained the following spells:

 Spells                   Type           Power        Failure   Level
 Beastly Appendage        Tmut           ##....       19%         1
 Magic Dart               Conj           ##..         19%         1
 Summon Small Mammal      Summ           ##..         19%         1
 Call Imp                 Summ           ##......     26%         2
 Searing Ray              Conj           ##....       26%         2
 Wereblood                Tmut           ##......     26%         2
 Conjure Flame            Conj/Fire      ##......     47%         3
 Dazzling Flash           Conj/Hex       ##....       47%         3
 Inner Flame              Hex/Fire       ##......     47%         3
 Spider Form              Tmut/Pois      ##........   47%         3
 Summon Guardian Golem    Hex/Summ       ##......     47%         3
 Fulminant Prism          Conj/Hex       ##........   87%         4
 Ice Form                 Ice/Tmut       ##......     87%         4
 Iskenderun's Mystic Bla  Conj/Tloc      ##......     87%         4
 Sticky Flame             Conj/Fire      ##......     87%         4
 Summon Ice Beast         Ice/Summ       ##......     87%         4
 Summon Lightning Spire   Summ/Air       ##......     87%         4
 Blade Hands              Tmut           ##........   99%         5
 Fireball                 Conj/Fire      ##........   99%         5


Dungeon Overview and Level Annotations

Branches:
Dungeon (10/15)            Temple (1/1) D:4            Lair (0/6) D:8
    Orc (0/2) D:9

Altars:
Ashenzari
Elyvilon
Hepliaklqana
Kikubaaqudgha
Sif Muna
Trog
Uskayaw
Wu Jian
Xom

Shops:
D:4 [?*   D:6 *   D:9 ([

Annotations:
D:10 Nergalle


Innate Abilities, Weirdness & Mutations

Your experience applies equally to all skills.
You have very sharp teeth.
Your uncanny sense of smell can sniff out nearby items.


Message History

You barely miss Nergalle. You bite Nergalle, but do no damage.
Nergalle is almost dead.
Your hound bites Nergalle but does no damage.
You block Nergalle's attack.
The spectral orc knight barely misses you.
You spin to attack Nergalle, but your attack speed is too slow for a blow to land.
You spin and attack the spectral orc knight.
You hit the spectral orc knight. You burn the spectral orc knight.
The spectral orc knight is lightly damaged.
Your hound bites Nergalle but does no damage.
Nergalle barely misses you.
Your hound barely misses Nergalle.
You spin and attack Nergalle.
You hit Nergalle but do no damage.
Nergalle is almost dead.
Your hound barely misses Nergalle.
You block Nergalle's attack.
You see here 13 gold pieces.
You spin to attack Nergalle, but your attack speed is too slow for a blow to land.
Your hound barely misses Nergalle.
Nergalle points at you and mumbles some strange words.
The bolt of negative energy hits you!!
You feel drained.
You die...

.# .#
###:##
#$... #
#.#.#
#.##.#(#
#......#
######h$.#
#.....@oZ#
#.###....#
#.#^......
#.#.......
#<#.......
#.#./.....
#.##......
... ....?.
... ......


You could see Nergalle, a spectral orc knight (summoned) and a friendly hound
(summoned).

Vanquished Creatures
  A two-headed ogre (D:9)
  Pikel (D:4)
  Joseph (D:8)
  Maggie (D:7)
  Grinder (D:4)
  A troll (D:9)
  A hornet (D:7)
  Eustachio (D:4)
  2 orc warriors
  A black bear (D:4)
  3 sky beasts
  2 ice beasts
  An eye of draining (D:9)
  3 phantoms
  3 ogres
  A necrophage (D:7)
  A centaur (D:6)
  2 lemures (D:4)
  2 big kobolds (D:9)
  A gnoll sergeant (D:7)
  6 bullfrogs
  A water moccasin zombie (D:7)
  2 scorpions
  3 killer bees (D:9)
  4 wights (D:9)
  A howler monkey (D:9)
  2 centaur zombies (D:9)
  2 jellies
  4 bullfrog skeletons
  2 hounds
  A centaur skeleton (D:4)
  2 orc priests
  3 iguanas
  10 worker ants
  3 orc wizards
  2 hound zombies (D:7)
  3 hound skeletons
  2 worker ant zombies
  4 gnolls
  7 adders
  2 white imps (D:5)
  2 oozes
  2 ufetubi (D:5)
  5 adder skeletons
  An adder zombie (D:5)
  2 worms (D:3)
  6 leopard geckos
  27 orcs
  3 giant cockroaches
  A goblin (D:3)
  A hobgoblin (D:3)
  15 jackals
  A quokka (D:5)
  A bat (D:3)
  7 kobolds
  A quokka skeleton (D:7)
  A quokka zombie (D:5)
  2 rats (D:3)
174 creatures vanquished.

Vanquished Creatures (collateral kills)
  Harold (D:8)
  Erica (D:8)
  Maurice (D:8)
  2 ogres
  An orc (D:8)
6 creatures vanquished.

Vanquished Creatures (others)
  An orc (D:4)
  50 foxfires
51 creatures vanquished.

Grand Total: 231 creatures vanquished

Notes
Turn   | Place    | Note
-------+----------+-------------------------------------------
     0 | D:5      | Reached skill level 9 in Stealth
     0 | D:5      | Lanoc the Gnoll Delver began the quest for the Orb.
     0 | D:5      | Reached XP level 1. HP: 23/23 MP: 1/1
     5 | D:5      | Noticed a worker ant
    17 | D:5      | Killed a worker ant
    17 | D:5      | Reached XP level 2. HP: 21/29 MP: 2/2
    17 | D:5      | Reached XP level 3. HP: 26/35 MP: 3/3
   253 | D:3      | Reached skill level 1 in Invocations
   357 | D:3      | Found an ornate altar of the Wu Jian Council.
   358 | D:3      | Found an ancient bone altar of Kikubaaqudgha.
   358 | D:3      | Found a hazy altar of Hepliaklqana.
   359 | D:3      | Found a shimmering blue altar of Sif Muna.
   369 | D:3      | Became a worshipper of the Wu Jian Council
   384 | D:3      | Reached skill level 1 in Short Blades
   384 | D:3      | Reached skill level 1 in Axes
   384 | D:3      | Reached skill level 1 in Maces & Flails
   384 | D:3      | Reached skill level 1 in Polearms
   384 | D:3      | Reached skill level 1 in Staves
   384 | D:3      | Reached skill level 1 in Slings
   384 | D:3      | Reached skill level 1 in Bows
   384 | D:3      | Reached skill level 1 in Crossbows
   384 | D:3      | Reached skill level 1 in Throwing
   384 | D:3      | Reached skill level 1 in Armour
   384 | D:3      | Reached skill level 1 in Shields
   384 | D:3      | Reached skill level 1 in Unarmed Combat
   384 | D:3      | Reached skill level 1 in Spellcasting
   384 | D:3      | Reached skill level 1 in Evocations
   782 | D:3      | Reached XP level 4. HP: 28/41 MP: 5/5
   786 | D:3      | Reached skill level 1 in Conjurations
   786 | D:3      | Reached skill level 1 in Hexes
   786 | D:3      | Reached skill level 1 in Summonings
   786 | D:3      | Reached skill level 1 in Necromancy
   786 | D:3      | Reached skill level 1 in Translocations
   786 | D:3      | Reached skill level 1 in Transmutations
   786 | D:3      | Reached skill level 1 in Fire Magic
   786 | D:3      | Reached skill level 1 in Ice Magic
   786 | D:3      | Reached skill level 1 in Air Magic
   786 | D:3      | Reached skill level 1 in Earth Magic
   786 | D:3      | Reached skill level 1 in Poison Magic
  1020 | D:3      | Reached XP level 5. HP: 43/47 MP: 5/7
  1707 | D:4      | Noticed a black bear
  1713 | D:4      | Noticed Grinder
  1738 | D:4      | Killed Grinder
  1738 | D:4      | Reached skill level 5 in Long Blades
  1738 | D:4      | Reached skill level 5 in Dodging
  1738 | D:4      | Reached XP level 6. HP: 8/53 MP: 7/9
  1752 | D:4      | Killed a black bear
  1752 | D:4      | Reached XP level 7. HP: 12/60 MP: 8/10
  2088 | D:4      | Found a bloodstained altar of Trog.
  2217 | D:4      | Found a staircase to the Ecumenical Temple.
  2227 | Temple   | Entered the Ecumenical Temple
  2265 | D:4      | Noticed Eustachio
  2269 | D:4      | Killed Eustachio
  2269 | D:4      | Reached * piety under Wu Jian
  2390 | D:4      | Found Hawkecw's Antique Armour Boutique.
  2391 | D:4      | Noticed Pikel
  2436 | D:4      | Killed Pikel
  2436 | D:4      | Reached skill level 10 in Stealth
  2436 | D:4      | Reached XP level 8. HP: 6/67 MP: 10/12
  2805 | D:4      | Found Riorhou's General Store.
  2824 | D:4      | Found Jewaw's Magic Scroll Emporium.
  2950 | D:4      | Bought a scroll of teleportation for 30 gold pieces
  3003 | D:4      | Found a shattered altar of Ashenzari.
  3903 | D:5      | Found a shimmering altar of Xom.
  4563 | D:5      | Got an encrusted leather armour
  4574 | D:5      | Identified the +2 leather armour of the Saviour {Dex+2}
                  | (You found it on level 5 of the Dungeon)
  4712 | D:5      | Reached XP level 9. HP: 52/72 MP: 14/14
  4997 | D:6      | HP: 3/73 [orc/+0 flail (9)]
  5003 | D:6      | Reached ** piety under Wu Jian
  5533 | D:6      | Found Hyits's Assorted Antiques.
  5963 | D:7      | Learned a level 3 spell: Call Canine Familiar
  6090 | D:7      | Noticed Maggie
  6120 | D:7      | Killed Maggie
  6244 | D:7      | Noticed a hornet
  6292 | D:7      | Killed a hornet
  6355 | D:7      | Learned a level 1 spell: Foxfire
  6858 | D:7      | Reached skill level 5 in Invocations
  7197 | D:8      | Noticed Erica
  7218 | D:8      | Killed Erica
  7218 | D:8      | Reached XP level 10. HP: 19/80 MP: 14/17
  7478 | D:8      | Noticed Joseph
  7479 | D:8      | Noticed Harold
  7499 | D:8      | Killed Joseph
  7499 | D:8      | Reached skill level 5 in Short Blades
  7499 | D:8      | Reached skill level 5 in Axes
  7499 | D:8      | Reached skill level 5 in Maces & Flails
  7499 | D:8      | Reached skill level 5 in Polearms
  7499 | D:8      | Reached skill level 5 in Staves
  7499 | D:8      | Reached skill level 5 in Slings
  7499 | D:8      | Reached skill level 5 in Bows
  7499 | D:8      | Reached skill level 5 in Crossbows
  7499 | D:8      | Reached skill level 5 in Throwing
  7499 | D:8      | Reached skill level 5 in Armour
  7499 | D:8      | Reached skill level 5 in Shields
  7499 | D:8      | Reached skill level 5 in Unarmed Combat
  7499 | D:8      | Reached skill level 5 in Spellcasting
  7499 | D:8      | Reached skill level 5 in Evocations
  7634 | D:8      | Killed Harold
  7737 | D:8      | Noticed Maurice
  7741 | D:8      | Found a staircase to the Lair.
  7760 | D:8      | Killed Maurice
  7945 | D:8      | Reached *** piety under Wu Jian
  8207 | D:9      | Found Eviumewy's Weapon Shop.
  8210 | D:9      | Found a staircase to the Orcish Mines.
  8210 | D:9      | Found Kukkocry's Armour Shop.
  8343 | D:9      | Found a white marble altar of Elyvilon.
  8365 | D:9      | Reached skill level 11 in Stealth
  8684 | D:9      | Reached XP level 11. HP: 87/87 MP: 19/19
  8688 | D:9      | Reached **** piety under Wu Jian
  8813 | D:9      | Found a hide-covered altar of Uskayaw.
  9207 | D:9      | Noticed a two-headed ogre
  9213 | D:9      | Killed a two-headed ogre
  9213 | D:9      | Reached skill level 5 in Conjurations
  9213 | D:9      | Reached skill level 5 in Hexes
  9213 | D:9      | Reached skill level 5 in Summonings
  9213 | D:9      | Reached skill level 5 in Necromancy
  9213 | D:9      | Reached skill level 5 in Translocations
  9213 | D:9      | Reached skill level 5 in Transmutations
  9213 | D:9      | Reached skill level 5 in Fire Magic
  9213 | D:9      | Reached skill level 5 in Ice Magic
  9213 | D:9      | Reached skill level 5 in Air Magic
  9213 | D:9      | Reached skill level 5 in Earth Magic
  9213 | D:9      | Reached skill level 5 in Poison Magic
  9321 | D:10     | Entered Level 10 of the Dungeon
  9322 | D:10     | Noticed Nergalle
  9340 | D:10     | Killed from afar by Nergalle

Illustrated notes

Levels and vault maps discovered:
D:3:      layout_rooms, chequers_temple_overflow_statue_of_worship,
          serial_rivers, chequers_serial_rivers_small_3,
          chequers_serial_rivers_micro_b, chequers_serial_rivers_small_3,
          chequers_serial_rivers_micro_e, chequers_serial_rivers_micro_e,
          chequers_serial_rivers_large_a, kennysheep_nub, grunt_ministairs_4,
          minivault_26
D:4:      layout_cave_pods, nicolae_overflow_crystal_walls,
          kennysheep_little_box, temple_hall, serial_shops, shop,
          nicolae_shop_temple_entry_statues_fountains, shop_fountains,
          uniq_eustachio, uniq_grinder, uniq_pikel
D:5:      layout_basic, lemuel_round_altar, glass_columns_c
D:6:      layout_rooms, serial_shops, shop, minmay_misc_feat_columns
D:7:      layout_basic, uniq_maggie
D:8:      layout_gridville, lair_entry_dummy, uniq_joseph, uniq_harold,
          uniq_erica, uniq_maurice
D:9:      layout_irregular_city, elyvilon_altar_5,
          nicolae_overflow_hidden_temple, orc_david_3
D:10:     layout_loops_cross, uniq_nergalle
Temple:   nicolae_temple_figure_eight

Skill      XL: |  1  2  3  4  5  6  7  8  9 10 11 |
---------------+----------------------------------+-----
Stealth        | 10 11 | 11.1
Invocations    | 1 2 3 4 5 6 |  6.6
Short Blades   | 1 2 3 4 5 6 |  6.0
Axes           | 1 2 3 4 5 6 |  6.0
Maces & Flails | 1 2 3 4 5 6 |  6.0
Polearms       | 1 2 3 4 5 6 |  6.0
Staves         | 1 2 3 4 5 6 |  6.0
Slings         | 1 2 3 4 5 6 |  6.0
Bows           | 1 2 3 4 5 6 |  6.0
Crossbows      | 1 2 3 4 5 6 |  6.0
Throwing       | 1 2 3 4 5 6 |  6.0
Armour         | 1 2 3 4 5 6 |  6.0
Shields        | 1 2 3 4 5 6 |  6.0
Unarmed Combat | 1 2 3 4 5 6 |  6.0
Spellcasting   | 1 2 3 4 5 6 |  6.0
Evocations     | 1 2 3 4 5 6 |  6.0
Conjurations   | 1 2 3 4 5 |  5.0
Hexes          | 1 2 3 4 5 |  5.0
Summonings     | 1 2 3 4 5 |  5.0
Necromancy     | 1 2 3 4 5 |  5.0
Translocations | 1 2 3 4 5 |  5.0
Transmutations | 1 2 3 4 5 |  5.0
Fire Magic     | 1 2 3 4 5 |  5.0
Ice Magic      | 1 2 3 4 5 |  5.0
Air Magic      | 1 2 3 4 5 |  5.0
Earth Magic    | 1 2 3 4 5 |  5.0
Poison Magic   | 1 2 3 4 5 |  5.0
Long Blades    | 5 6 7 |  7.6
Dodging        | 5 6 7 |  7.6
Fighting       | 7 8 9 |  9.0

Action                   |  1- 3 |  4- 6 |  7- 9 | 10-12 || total
-------------------------+-------+-------+-------+-------++-------
Melee: Falchion          |    60 |    53 |   405 |       ||   518
       Bite              |    11 |     9 |    77 |    45 ||   142
       Punch             |     1 |       |     8 |       ||     9
       Scimitar          |       |       |       |   235 ||   235
 Cast: Foxfire           |       |       |    23 |     4 ||    27
       Call Canine Famil |       |       |    16 |     9 ||    25
Invok: Lunge             |     4 |     4 |    16 |    29 ||    53
       Whirlwind         |       |       |    61 |    32 ||    93
Evoke: Wand              |       |     6 |    21 |       ||    27
  Use: Potion            |       |       |     6 |       ||     6
       Scroll            |       |       |     4 |       ||     4
 Stab: Distracted        |       |     2 |     3 |       ||     5
       Sleeping          |       |     3 |    11 |    12 ||    26
       Paralysed         |       |       |     1 |       ||     1
Armor: Leather armour    |     9 |     9 |    56 |    23 ||    97
Dodge: Dodged            |    64 |    37 |   287 |   100 ||   488
Block: Kite shield       |       |       |    21 |   113 ||   134
       Rpst.: Falchion   |    21 |    15 |    88 |       ||   124
       Scimitar          |       |       |       |    34 ||    34

Table legend: (Time is in decaauts)
 A = Elapsed time spent in this place.
 B = Non-inter-level travel time spent in this place.
 C = Inter-level travel time spent in this place.
 D = Time resting spent in this place.
 E = Time spent auto-exploring this place.
 F = Levels seen in this place.
 G = Mean time per level.
                   A        B        C        D        E       F      G
               +--------+--------+--------+--------+--------+-----+--------+
         Total |   9372 |   9205 |    167 |    491 |   6837 |   9 | 1041.3 |
       Dungeon |   9370 |   9203 |    167 |    491 |   6837 |   8 | 1171.2 |
        Temple |      1 |      1 |      0 |      0 |      0 |   1 |    1.0 |
               +--------+--------+--------+--------+--------+-----+--------+

Top non-repeatable levels by time:
     D:5: 1884 daAuts
     D:4: 1770 daAuts
     D:3: 1469 daAuts
     D:7: 1454 daAuts
     D:9: 1140 daAuts
     D:8: 1001 daAuts
     D:6: 630 daAuts
    D:10: 19 daAuts
  Temple: 1 daAuts
